 Dungeon Crawl Stone Soup version 0.24-a0-539-g6aae15eeb0 (webtiles) character file.

Game seed: 14598104540016846348

8 Chiseanne the Magician (level 2, 19/19 HPs)
             Began as a Demonspawn Wizard on Aug 17, 2019.
             Quit the game on level 1 of the Dungeon.
             The game lasted 00:00:44 (502 turns).

Chiseanne the Magician (Demonspawn Wizard)           Turns: 502, Time: 00:00:45

Health: 19/19      AC:  3    Str:  7    XL:     2   Next: 0%
Magic:  4/6        EV: 12    Int: 19    God:
Gold:   27         SH:  0    Dex: 11    Spells: 6/7 levels left

rFire    . . .     SeeInvis .   c - +0 club
rCold    . . .     Gourm    .   (no shield)
rNeg     . . .     Faith    .   a - +0 robe
rPois    .         Spirit   .   h - +0 helmet
rElec    .         Reflect  .   (no cloak)
rCorr    .         Harm     .   (no gloves)
MR       .....                  (no boots)
Stlth    +++.......             (no amulet)
HPRegen  0.06/turn              (no ring)
MPRegen  0.10/turn              (no ring)

@: no status effects
A: nightstalker 1
a: no special abilities


You were on level 1 of the Dungeon.
You were not hungry.

You visited 1 branch of the dungeon, and saw 1 of its levels.

You collected 27 gold pieces.

Inventory:

Hand Weapons
 c - a +0 club (weapon)
Missiles
 e - 26 arrows
Armour
 a - a +0 robe (worn)
 h - a +0 helmet (worn)
Scrolls
 g - a scroll of identify {unknown}
Potions
 f - a potion of magic {unknown}
Comestibles
 d - a ration


   Skills:
 - Level 1.7 Dodging
 - Level 1.7 Stealth
 * Level 3.2 Spellcasting
 * Level 1.6 Conjurations
   Level 1.0 Summonings
   Level 0.8 Translocations


You had 6 spell levels left.
You knew the following spells:

 Your Spells              Type           Power        Failure   Level  Hunger
a - Magic Dart            Conj           #...         8%          1    None

Your spell library contained the following spells:

 Spells                   Type           Power        Failure   Level  Hunger
 Blink                    Tloc           N/A          16%         2    ##.....
 Call Imp                 Summ           #.......     16%         2    ##.....
 Slow                     Hex            #.......     22%         2    ##.....
 Conjure Flame            Conj/Fire      #.......     32%         3    ###....
 Mephitic Cloud           Conj/Pois/Air  #.......     34%         3    ###....


Dungeon Overview and Level Annotations

Branches:
Dungeon (1/15)

Altars:


Innate Abilities, Weirdness & Mutations

You are slightly more attuned to the shadows.


Message History

You start putting on your armour.
You continue putting on your helmet. x5
You finish putting on your +0 helmet.
Drop what? 8/52 slots (_ for help) (? for menu, Esc to quit)
You drop a +0 hat.
You now have 27 gold pieces (gained 11).
There is a stone staircase leading down here.
Found a robe.
You open the door.
A goblin comes into view.
Casting: Magic Dart (safe; 9% risk of failure)
Confirm with . or Enter, or press ? or * to list all spells.
Aiming: Magic Dart (safe; 9% risk of failure)
Press: ? - help, Shift-Dir - straight line, f - goblin
Aim: a goblin (resting)
The magic dart hits the goblin.
You kill the goblin!
You have reached level 2!
Your demonic ancestry asserts itself...
You slip into the darkness of the dungeon.
Are you sure you want to abandon this character and quit the game? (Confirm with "yes".)

### .... ####### .....
#######..[...###......
#.......####..@'......
#..........#..##......
#..........#..##......
#..........#..........
#..........#>.........
#..........#.###......
##....#.†..)..........
#....#............##
#....#.[............


There were no monsters in sight!

Vanquished Creatures
  2 bats (D:1)
  3 goblins (D:1)
  A hobgoblin (D:1)
  A frilled lizard (D:1)
7 creatures vanquished.

Notes
Turn   | Place    | Note
-------+----------+-------------------------------------------
     0 | D:1      | Chiseanne the Demonspawn Wizard began the quest for the
                  | Orb.
     0 | D:1      | Reached XP level 1. HP: 13/13 MP: 4/4
   501 | D:1      | Gained mutation: You are slightly more attuned to the
                  | shadows. [demonic ancestry]
   501 | D:1      | Reached XP level 2. HP: 19/19 MP: 4/6
   502 | D:1      | Quit the game

Levels and vault maps discovered:
D:1:      denvon_arrival_hothouse, layout_basic, minmay_misc_feat_hallway,
          tso_metal_star

Action                   || total
-------------------------++-------
Melee: Unarmed           ||    18
 Cast: Magic Dart        ||    17
Armor: Robe              ||     3
Dodge: Dodged            ||     9

Table legend:
 A = Non-vault XP
 B = Vault XP
 C = Vault XP percentage of total XP
 D = Non-vault monster count
 E = Vault monster count
 F = Vault count percentage of total count
                 A         B        C        D         E       F
            +---------+---------+-------+---------+---------+-------
      Total |      12 |       0 |   0.0 |       7 |       0 |   0.0
            +---------+---------+-------+---------+---------+-------
        D:1 |      12 |       0 |   0.0 |       7 |       0 |   0.0
            +---------+---------+-------+---------+---------+-------
